 Dungeon Crawl Stone Soup version 0.31-a0-960-g0fca184906 (webtiles) character file.

Game seed: 17293447007637930685

569 strifetoe the Slasher (level 7, -2/59 HPs)
             Began as an Armataur Fighter on Oct 24, 2023.
             Was an Initiate of Okawaru.
             Slain by a hound (5 damage)
             ... on level 5 of the Dungeon.
             The game lasted 00:06:48 (4934 turns).

strifetoe the Slasher (Armataur Fighter)            Turns: 4934, Time: 00:06:49

Health: -2/59      AC: 11    Str: 21    XL:     7   Next: 11%
Magic:  7/7        EV:  3    Int:  8    God:    Okawaru [......]
Gold:   290        SH:  4    Dex: 12    Spells: 6/6 levels left

rFire   + . .        b - +1 falchion (freeze)
rCold   + . .        c - +0 buckler
rNeg    . . .        m - +0 plate armour
rPois   +            (no helmet)
rElec   +            i - +0 cloak
rCorr   +            g - +0 pair of gloves
SInv    .            (no barding)
Will    .....        (no amulet) Stlth
                     f - ring of poison resistance
HPRegen 0.29/turn    (no ring)
MPRegen 0.10/turn

%: roll
@: lit by a corona, resistant, glowing
A: large, rugged brown scales 3, deformed body, armoured tail, roll, long
tongue, awkward tongue
a: Renounce Religion


You were on level 5 of the Dungeon.
You worshipped Okawaru.
Okawaru was noncommittal.
You visited 1 branch of the dungeon, and saw 5 of its levels.
You also visited: Sewer.

You collected 290 gold pieces.

Inventory:

Hand Weapons
 a - a +1 long sword
 b - a +1 falchion of freezing (weapon)
 h - a +3 quarterstaff of chaos
 l - a +2 flail of protection
Missiles
 q - a throwing net
Armour
 c - a +0 buckler (worn)
 g - a +0 pair of gloves (worn)
 i - a +0 cloak (worn)
 m - a +0 plate armour (worn)
Jewellery
 f - a ring of poison resistance (left hand)
Scrolls
 d - a scroll of enchant armour {unknown}
 j - a scroll of vulnerability {unknown}
 r - 2 scrolls of teleportation {unknown}
 s - a scroll of brand weapon {unknown}
 t - 2 scrolls of amnesia {unknown}
 u - a scroll of poison {unknown}
 w - a scroll of identify
Potions
 e - a potion of invisibility
 k - a potion of magic
 v - 5 potions of enlightenment


   Skills:
 - Level 2.6 Fighting
 + Level 7.2 Long Blades
 - Level 3.6 Armour
 - Level 3.2 Shields


You had 6 spell levels left.
You didn't know any spells.
Your spell library contained the following spells:

 Spells                   Type           Power      Damage    Failure   Level
 Kiss of Death            Conj/Necr      0%         2d5       100%        1
 Confusing Touch          Hex            0%         N/A       100%        3
 Gell's Gravitas          Tloc           0%         N/A       100%        3
 Teleport Other           Tloc           0%         N/A       100%        3
 Dispel Undead            Necr           0%         3d6       100%        4
 Dispersal                Tloc           0%         N/A       100%        6


Dungeon Overview and Level Annotations

Branches:
Dungeon (5/15)              Sewer (visited)
 Temple: D:4-7

Altars:
Gozag
Kikubaaqudgha
Okawaru
Ru
Sif Muna
Uskayaw
Xom
Zin

Portals:
Abyss: D:3

Annotations:
D:3 2 transporters, Cadnt's ghost, weakling MiHu
D:5 Duvessa


Innate Abilities, Weirdness & Mutations

You are completely covered in rugged brown scales. (AC +3, +7% HP)
Armour fits poorly on your strangely shaped body.
You have a long armoured tail.
You roll when moving toward enemies. (Rampage)
Your long tongue fully drains potion bottles. (2x potion effects)
Your tongue gives you trouble enunciating. (1.5x scroll delay)


Message History

You feel protected.
You slurp down every last drop of the potion of resistance!
Duvessa barely misses you.
You aren't carrying any items that you can evoke.
The hound attacks as it pursues you! The hound bites you.
* * * LOW HITPOINT WARNING * * *
The hound bites you.
* * * LOW HITPOINT WARNING * * *
There is a stone staircase leading down here.
The hound bites you but does no damage. Duvessa barely misses you.
You climb downwards.
Found 4 stones, a scroll of enchant weapon and a scroll of revelation.
There is a stone staircase leading up here.
Duvessa attacks as she pursues you! Duvessa hits you with a +3 short sword!
* * * LOW HITPOINT WARNING * * *
Duvessa hits you with a +3 short sword.
* * * LOW HITPOINT WARNING * * *
You block the hound's attack.
You feel better.
You slurp down every last drop of the potion of curing!
Duvessa hits you with a +3 short sword!
* * * LOW HITPOINT WARNING * * *
The hound pauses to sniff the ground.
The hound bites you but does no damage.
You feel better.
You slurp down every last drop of the potion of curing!
You block Duvessa's attack. The hound completely misses you.
Duvessa hits you with a +3 short sword. You block the hound's attack.
Okay, then.
An ogre and an orc come into view.
The orc shouts!
You hear a shout!
The hound bites you but does no damage.
The orc moves out of view.
Found a stone staircase leading down.
The hound bites you but does no damage. Duvessa hits you with a +3 short sword!
* * * LOW HITPOINT WARNING * * *
The hound bites you but does no damage. Duvessa attacks as she pursues you!
Duvessa hits you with a +3 short sword!
* * * LOW HITPOINT WARNING * * *
The hound bites you.
You die...

....... ....
....>## ....
#.....#
...o.#.....#
.....#.....#
...........#
.....O.#...#
.... #..e..#
.....##.#@.#
#.......h..#
....?...#..#
..###...<.(#
#...#....#
.....##....#
..... .....#
....#####.##
.... .#


You could see Duvessa (berserk), an ogre, a hound and an orc.

Vanquished Creatures
  Dowan (D:4)
  Crazy Yiuf (D:2)
  2 orc priests
  Jessica (D:3)
  An orc wizard (D:3)
  Robin (D:2)
  3 gnolls (D:4)
  15 adders
  6 river rats
  4 worms
  3 dart slugs
  13 orcs
  12 bats
  10 endoplasms
  4 giant cockroaches
  12 goblins
  4 hobgoblins
  9 jackals
  3 quokkas
  15 ball pythons
  4 frilled lizards
  8 kobolds
  7 rats
139 creatures vanquished.

Vanquished Creatures (others)
  An orc (D:3)
1 creature vanquished.

Grand Total: 140 creatures vanquished

Notes
Turn   | Place    | Note
-------+----------+-------------------------------------------
     0 | D:1      | strifetoe the Armataur Fighter began the quest for the Orb.
     0 | D:1      | Reached XP level 1. HP: 19/19 MP: 1/1
   125 | D:1      | Reached skill level 2 in Long Blades
   177 | D:1      | Found a faded altar of an unknown god.
   287 | D:1      | Reached XP level 2. HP: 13/26 MP: 2/2
  1331 | D:2      | Reached skill level 3 in Long Blades
  1331 | D:2      | Reached XP level 3. HP: 23/32 MP: 3/3
  1665 | D:2      | Reached XP level 4. HP: 39/39 MP: 4/4
  1749 | D:2      | Reached skill level 4 in Long Blades
  1755 | D:2      | Noticed Robin
  1791 | D:2      | Killed Robin
  1950 | D:2      | Reached XP level 5. HP: 44/44 MP: 5/5
  1968 | D:2      | Reached skill level 5 in Long Blades
  2175 | D:2      | Found a runed translucent door.
  2176 | D:2      | Noticed Crazy Yiuf
  2369 | D:2      | Killed Crazy Yiuf
  2536 | D:3      | Found a transporter.
  2538 | D:3      | Found a one-way gate to the infinite horrors of the Abyss.
  2538 | D:3      | Noticed Cadnt's ghost (weakling MiHu)
  2663 | D:3      | Found a transporter.
  2724 | D:3      | Noticed a small abomination
  2859 | D:3      | Noticed Jessica
  2860 | D:3      | Killed Jessica
  3073 | D:3      | Found a glowing silver altar of Zin.
  3332 | D:3      | Reached XP level 6. HP: 24/53 MP: 6/6
  3473 | D:3      | Reached skill level 6 in Long Blades
  3776 | D:4      | Found a hide-covered altar of Uskayaw.
  3781 | D:4      | Found a shimmering altar of Xom.
  3791 | D:4      | Found a shimmering blue altar of Sif Muna.
  3792 | D:4      | Found a sacrificial altar of Ru.
  3793 | D:4      | Found an ancient bone altar of Kikubaaqudgha.
  3794 | D:4      | Found an iron altar of Okawaru.
  3795 | D:4      | Found an opulent altar of Gozag.
  3798 | D:4      | Became a worshipper of Warmaster Okawaru
  4036 | D:4      | Found a glowing drain.
  4072 | Sewer    | Entered a sewer
  4535 | Sewer    | Reached skill level 7 in Long Blades
  4535 | Sewer    | Reached XP level 7. HP: 59/59 MP: 7/7
  4902 | D:4      | Noticed Duvessa
  4902 | D:4      | Noticed Dowan
  4908 | D:4      | Killed Dowan
  4927 | D:5      | Entered Level 5 of the Dungeon
  4928 | D:5      | HP: 1/59 [Duvessa/+3 short sword (6)]
  4934 | D:5      | Slain by a hound

Illustrated notes

Levels and vault maps discovered:
D:1:      dpeg_arrival_water_fire, layout_basic,
          chequers_ecumenical_altar_simple, minmay_tetromino_o4
D:2:      layout_basic, minmay_snake_closets, uniq_robin,
          uniq_crazy_yiuf_cottage
D:3:      layout_basic, zin_scriptorium, gammafunk_ghost_abyssal_escape,
          uniq_jessica
D:4:      layout_gridville, amcnicky_altar_gilded, minitemple,
          portal_sewer_entry_a, moated_statue, uniq_duvessa
D:5:      layout_basic, mainiacjoe_overflow_cross_hatched,
          kennysheep_generic_room_7

Skill      XL: |  1  2  3  4  5  6 |
---------------+-------------------+-----
Long Blades    | 2 3 4 5 7 |  7.2
Fighting       | |  2.6
Armour         | |  3.6
Shields        | |  3.2

Action                     |  1- 3 |  4- 6 |  7- 9 || total
---------------------------+-------+-------+-------++-------
  Melee: Long sword        |   114 |    47 |       ||   161
         Tailslap          |    20 |    22 |       ||    42
         Falchion          |       |   257 |    23 ||   280
    Use: Scroll            |     4 |     4 |     1 ||     9
         Potion            |       |     3 |     4 ||     7
 Armour: Scale mail        |    57 |       |       ||    57
         Plate armour      |    42 |   362 |    51 ||   455
  Dodge: Dodged            |    40 |    43 |    10 ||    93
  Block: Buckler           |    32 |    61 |    10 ||   103

Table legend: (Time is in decaauts)
 A = Elapsed time spent in this place.
 B = Non-inter-level travel time spent in this place.
 C = Inter-level travel time spent in this place.
 D = Time resting spent in this place.
 E = Time spent auto-exploring this place.
 F = Levels seen in this place.
 G = Mean time per level.
                   A        B        C        D        E       F      G
               +--------+--------+--------+--------+--------+-----+--------+
         Total |   4998 |   4805 |    193 |    314 |   3455 |   6 |  833.0 |
       Dungeon |   4239 |   4046 |    193 |    264 |   2999 |   5 |  847.8 |
         Sewer |    759 |    759 |      0 |     50 |    456 |   1 |  759.0 |
               +--------+--------+--------+--------+--------+-----+--------+

Top non-repeatable levels by time:
     D:2: 1383 daAuts
     D:1: 1217 daAuts
     D:3: 1069 daAuts
   Sewer: 759 daAuts
     D:4: 562 daAuts
     D:5: 6 daAuts
